AoeStats
← GerAoe

Arena

510240513Analyzed
4v4 RM · 10h ago on Sep 30, 2026· 44m 17s· 8 players
Game mode
Random Map
Map size
Large (8 player)
Population
200
Speed
Normal
Resources
Standard
Victory
Conquest
Starting age
Dark Age
Ending age
Imperial Age
RankedLock teamsTeams togetherTeam positionsShared explorationLock speedFull tech treeHidden civsTurbo modeCheats
Victory
Defeat
🇪🇨 Byzantines · Ecuador
1047
+11
🇺🇸 Lithuanians · United States
1000
+13
🇨🇦 Celts · Canada
969
+14
🇦🇷 Turks · Argentina
939
+16
🇦🇷 Franks · Argentina
962
-15
🇦🇷 Chinese · Argentina
949
-14
🇦🇷 Persians · Argentina
932
-13
🇦🇷 Britons · Argentina
906
-12
GerAoe
0:32 Loom
11:26 Feudal Age
18:28 Castle Age
16:42 Double-Bit Axe
17:30 Horse Collar
19:04 Fletching
20:39 Bodkin Arrow
23:23 Gold Mining
23:36 Stone Mining
25:45 Wheelbarrow
26:23 Bow Saw
30:40 Imperial Age
28:26 Padded Archer Armor
28:47 Heavy Plow
31:20 Leather Archer Armor
32:27 Bracer
32:57 Ring Archer Armor
QZ7
11:54 Feudal Age
16:13 Castle Age
14:16 Double-Bit Axe
16:13 Gold Mining
26:27 Bow Saw
27:06 Wheelbarrow
27:42 Gold Shaft Mining
27:03 Pikeman
30:47 Hand Cart
31:16 Husbandry
33:02 Forging
32:58 Scale Barding Armor
36:27 Elite Skirmisher
38:14 Fletching
38:24 Padded Archer Armor
41:42 Bodkin Arrow
42:03 Leather Archer Armor
44:27 Imperial Age
[LaCD] Chisor
10:59 Feudal Age
13:08 Double-Bit Axe
15:34 Castle Age
13:51 Horse Collar
16:20 Bow Saw
18:14 Heavy Plow
23:27 Gold Mining
27:37 Imperial Age
24:56 Loom
26:05 Wheelbarrow
27:10 Hand Cart
27:09 Forging
27:04 Scale Barding Armor
26:53 Gold Mining
28:15 Gold Shaft Mining
29:03 Chemistry
28:24 Ballistics
28:29 Bloodlines
28:21 Husbandry
27:43 Cavalier
29:17 Stone Mining
30:46 Chain Barding Armor
31:02 Iron Casting
31:18 Heavy Camel Rider
33:14 Plate Barding Armor
34:46 Two-Man Saw
34:19 Crop Rotation
34:38 Stone Shaft Mining
35:47 Blast Furnace
35:37 Conscription
35:53 Hoardings
36:05 Kamandaran
oski
12:51 Feudal Age
18:15 Castle Age
16:49 Double-Bit Axe
19:24 Bow Saw
23:27 Horse Collar
25:55 Heavy Plow
25:49 Stone Mining
26:04 Padded Archer Armor
26:14 Gold Mining
26:18 Fletching
27:15 Leather Archer Armor
30:09 Bodkin Arrow
34:03 Squires
33:24 Pikeman
34:11 Scale Mail Armor
34:21 Forging
35:14 Gold Shaft Mining
36:31 Chain Mail Armor
36:52 Iron Casting
38:54 Yeomen
Wahlburgers5203
10:06 Feudal Age
11:31 Double-Bit Axe
14:31 Castle Age
12:46 Horse Collar
16:40 Bow Saw
22:55 Wheelbarrow
24:22 Hand Cart
24:50 Heavy Plow
26:44 Loom
29:50 Imperial Age
27:15 Gold Mining
27:15 Stone Mining
28:00 Scale Barding Armor
28:06 Forging
28:15 Bloodlines
28:05 Husbandry
29:40 Chain Barding Armor
31:21 Plate Barding Armor
31:22 Iron Casting
31:54 Chemistry
31:14 Elite Leitis
34:32 Coinage
36:42 Scale Mail Armor
36:05 Pikeman
36:47 Squires
36:52 Halberdier
37:53 Chain Mail Armor
38:19 Fletching
39:53 Bodkin Arrow
henry2992
12:14 Feudal Age
16:37 Castle Age
15:00 Double-Bit Axe
16:03 Horse Collar
16:17 Gold Mining
17:45 Bow Saw
25:37 Heavy Plow
25:48 Stone Mining
27:11 Wheelbarrow
29:58 Stone Shaft Mining
29:47 Hand Cart
32:21 Imperial Age
30:13 Loom
30:41 Pikeman
31:59 Scale Mail Armor
32:09 Forging
32:29 Halberdier
34:05 Gold Shaft Mining
34:47 Two-Man Saw
34:28 Conscription
34:04 Crossbowman
35:16 Chain Mail Armor
36:18 Hoardings
37:20 Plate Mail Armor
37:26 Iron Casting
41:17 Scale Barding Armor
41:12 Padded Archer Armor
41:03 Fletching
43:31 Capped Ram
44:06 Gambesons
44:22 Squires
44:08 Arson
45:25 Chemistry
44:46 Ballistics
44:28 Greek Fire
43:51 Elite Cataphract
44:50 Leather Archer Armor
44:31 Bodkin Arrow
44:57 Chain Barding Armor
44:45 Thumb Ring
44:01 Elite Skirmisher
Swordfish
1:01 Loom
15:10 Feudal Age
18:53 Wheelbarrow
18:13 Horse Collar
18:42 Double-Bit Axe
23:50 Castle Age
21:45 Gold Mining
22:27 Scale Mail Armor
22:38 Forging
24:44 Bow Saw
25:13 Pikeman
26:23 Chain Mail Armor
32:53 Hand Cart
33:56 Arson
33:34 Man-at-Arms
34:00 Gambesons
35:38 Iron Casting
37:38 Imperial Age
35:12 Town Watch
35:20 Stone Mining
36:06 Gold Shaft Mining
35:36 Heavy Plow
36:03 Ballistics
35:33 Long Swordsman
38:22 Halberdier
38:22 Two-Handed Swordsman
39:35 Plate Mail Armor
40:06 Blast Furnace
38:31 Heavy Scorpion
40:14 Chemistry
39:21 Siege Engineers
39:39 Capped Ram
40:43 Siege Ram
42:13 Fletching
43:45 Bodkin Arrow
Myrmecia
13:04 Feudal Age
17:16 Castle Age
15:49 Double-Bit Axe
15:46 Horse Collar
18:58 Heavy Plow
23:32 Imperial Age
21:27 Bow Saw
24:20 Padded Archer Armor
27:04 Leather Archer Armor
27:59 Ballistics
29:05 Ring Archer Armor
32:15 Wheelbarrow
33:51 Two-Man Saw
36:05 Hand Cart
38:15 Capped Ram
41:31 Siege Ram
Connection lost

Rejoining the realm…

Still unreachable

The connection could not be restored.

Session expired

The server has moved on; the page needs a fresh start.